 Dungeon Crawl Stone Soup version 0.15.0-23-gc2b521c (console) character file.

8783 gw the Cruncher (level 11, -1/95 HPs)
             Began as a Minotaur Gladiator on Sept 9, 2014.
             Was an Elder of Qazlal.
             Slain by a hill giant
             ... wielding a +0 giant club
              (37 damage)
             ... on Level 10 of the Dungeon.
             The game lasted 00:07:38 (14160 turns).

gw the Cruncher (Minotaur Gladiator)               Turns: 14160, Time: 00:07:38

HP  -1/95        AC 18     Str 21      XL: 11   Next: 14%
MP  21/21        EV  6     Int  7      God: Qazlal [****..]
Gold 0           SH  5     Dex 13      Spells:  0 memorised, 10 levels left

rFire  . . .     SeeInvis .     a - +6 quarterstaff
rCold  + . .     Clarity  .     s - +0 plate armour
rNeg   . . .     rCorr    .     (no shield)
rPois  .         rRot     .     c - +0 hat
rElec  .         Spirit   .     v - +2 cloak (curse)
SustAb .         Warding  .     (no gloves)
rMut   +         Stasis   .     n - +0 pair of boots
Gourm  .                        B - amulet of resist mutation
MR     .....                    (no ring)
                                (no ring)

@: repel missiles, not resistant to hostile enchantments, extremely unstealthy
A: retaliatory headbutt, horns 2, blurry vision 1, clever 1, cold resistance 1
a: Upheaval, Elemental Force, Renounce Religion


You were on level 10 of the Dungeon.
You worshipped Qazlal.
Qazlal was greatly pleased with you.
You were not hungry.

You visited 1 branch of the dungeon, and saw 10 of its levels.

Inventory:

Hand weapons
 a - a +6 quarterstaff (weapon)
Missiles
 d - 3 throwing nets
 i - 9 tomahawks
 k - 354 stones (quivered)
Armour
 c - a +0 hat (worn)
 n - a +0 pair of boots (worn)
 s - a +0 plate armour (worn)
 v - a cursed +2 cloak (worn)
Magical devices
 u - a wand of heal wounds (1)
 x - a wand of frost (10)
 y - a wand of disintegration (8)
 A - a wand of random effects (15)
 D - a wand of paralysis (4)
Comestibles
 f - 10 bread rations
 j - 2 slices of pizza
 o - 2 beef jerkies
 p - 6 rotting chunks of hill giant flesh
 q - 3 meat rations
Scrolls
 b - 2 scrolls of remove curse
 g - 9 scrolls of identify
 l - a scroll of fear
Jewellery
 B - an amulet of resist mutation (around neck)
Potions
 e - a potion of cancellation
 h - a potion of mutation
 m - a potion of restore abilities
 r - 3 potions of curing


   Skills:
 + Level 8.6 Fighting
 + Level 9.6 Staves
 + Level 7.4 Throwing
 + Level 8.9 Armour
 - Level 3.2 Dodging
 * Level 9.6 Invocations


You had 10 spell levels left.
You didn't know any spells.

Dungeon Overview and Level Annotations

Branches:
Dungeon (10/15)            Temple (0/1) D:4             Orc (0/4) D:9
   Lair (0/8) D:9

Altars:
Dithmenos
Kikubaaqudgha
Makhleb
Okawaru
Qazlal
Trog
Vehumet
Yredelemnul
Zin
The Shining One

Shops:
D:8 *


Innate Abilities, Weirdness & Mutations

You reflexively headbutt those who attack you in melee.
You have a pair of horns on your head.
Your vision is a little blurry.
Your mind is acute. (Int +2)
Your flesh is cold resistant.


Message History

Press: ? - help, Shift-Dir - straight line, f - hill giant
Aim: a hill giant, wielding a giant club (moderately wounded)
The hill giant is blasted.
FLEEEEING!
MOVING TO (-8,-1) MOVING TO (-7,-1) MOVING TO (-6,-1) MOVING TO (-5,-1)
The ogre hits you with a giant spiked club!
Evoke which item? (* to show all) (? for menu, Esc to quit)
Zapping:
u - a wand of heal wounds {zapped: 3}
Press: ? - help, Shift-Dir - straight line, f - you, p - hill giant You feel much better.
The ogre hits you with a giant spiked club.
FLEEEEING!
ATTACKING (-1,0)
You thump the ogre! Your headbutt misses the ogre.
The ogre is heavily wounded.
The hill giant hits you with a giant club!!!
You die...

#.............###..........
#.................%........
#............#####'#####...
#####......#####.# ..... #...
#..........# #.#.........#..g
#..........# #.+.........#...
#...%......+ #.#.........#...
####.......#####.###########...
#.........OHC.Y.g...........
#....#################......
#....# ####### ######


You could see a hill giant, a yak, an ogre and a gnoll.

Table legend:
 A = Turns spent in this place as a percentage of turns spent in the entire game.
 B = Non-inter-level travel turns spent in this place as a percentage of non-inter-level travel turns spent in the entire game.
 C = Inter-level travel turns spent in this place as a percentage of turns spent in this place.
 D = Turns resting spent in this place as a percentage of non-inter-level travel turns spent in this place.
 E = Turns spent auto-exploring this place as a percentage of non-inter-level travel turns spent in this place.
 F = Non-inter-level travel turns spent in this place divided by the number of levels of this place that you've seen.
                   A       B       C       D       E      F
               +-------+-------+-------+-------+-------+----------------------
         Total | 100.0 | 100.0 |   1.5 |   5.8 |  12.8 | 415.5
       Dungeon | 100.0 | 100.0 |   1.5 |   5.8 |  12.8 | 415.5
               +-------+-------+-------+-------+-------+----------------------

Table legend:
 A = Kills in this place as a percentage of kills in entire the game.
 B = Kills by you in this place as a percentage of kills by you in the entire game.
 C = Kills by friends in this place as a percentage of kills by friends in the entire game.
 D = Other kills in this place as a percentage of other kills in the entire game.
 E = Experience gained in this place as a percentage of experience gained in the entire game.
 F = Experience gained in this place divided by the number of levels of this place that you have seen.
                   A       B       C       D       E      F
               +-------+-------+-------+-------+-------+----------------------
         Total | 100.0 | 100.0 |  -nan | 100.0 | 100.0 | 1254.8
       Dungeon | 100.0 | 100.0 |  -nan | 100.0 | 100.0 | 1254.8
               +-------+-------+-------+-------+-------+----------------------

Vanquished Creatures
  A hill giant (D:10)
  Maurice (D:8)
  A komodo dragon (D:10)
  A two-headed ogre (D:8)
  A spriggan (D:7)
  A wyvern (D:8)
  A yak (D:10)
  2 hungry ghosts
  A hippogriff (D:8)
  A water moccasin (D:5)
  3 orc warriors
  2 phantoms
  2 sky beasts
  5 ice beasts
  A crocodile (D:8)
  2 ogres
  6 centaurs
  The ghost of tkappleton the Vexing, an average FoEn (D:3)
  Sigmund (D:7)
  Duvessa (D:7)
  2 big kobolds (D:8)
  Blork the orc (D:8)
  9 giant frogs
  2 gnoll sergeants (D:7)
  2 scorpions
  9 killer bees
  19 wights
  5 crimson imps
  A goliath beetle (D:5)
  A centaur zombie (D:8)
  Dowan (D:7)
  Crazy Yiuf (D:5)
  2 gnoll shamans
  12 orc priests
  3 jellies
  5 worker ants
  A centaur skeleton (D:8)
  3 hounds
  Natasha (D:5)
  4 iguanas
  15 orc wizards
  2 sky beast zombies
  A big kobold zombie (D:5)
  Ijyb (D:6)
  Jessica (D:3)
  A mummy (D:9)
  13 gnolls
  An orc zombie (D:6)
  A giant mite (D:5)
  7 adders
  2 shadow imps
  A worm (D:2)
  3 adder skeletons
  An ooze (D:5)
  47 orcs
  2 bat skeletons (D:7)
  A bat zombie (D:3)
  9 giant cockroaches
  18 goblins
  18 hobgoblins
  14 jackals
  5 quokkas
  3 ball pythons
  16 bats
  14 giant geckos
  2 giant gecko skeletons (D:5)
  A giant newt (D:6)
  2 hobgoblin skeletons
  23 kobolds
  A kobold skeleton (D:4)
  4 kobold zombies (D:8)
  3 orc skeletons
  21 rats
  A rat skeleton (D:7)
374 creatures vanquished.

Vanquished Creatures (others)
  Psyche (D:8)
1 creature vanquished.

Grand Total: 375 creatures vanquished

Notes
Turn   | Place    | Note
--------------------------------------------------------------
     0 | D:1      | gw, the Minotaur Gladiator, began the quest for the Orb.
     0 | D:1      | Reached XP level 1. HP: 18/18 MP: 1/1
    89 | D:1      | Reached skill level 1 in Armour
   287 | D:1      | Reached XP level 2. HP: 23/25 MP: 1/1
   516 | D:1      | Reached skill level 4 in Staves
   966 | D:2      | Reached XP level 3. HP: 28/30 MP: 2/2
  1302 | D:2      | Reached XP level 4. HP: 37/37 MP: 2/2
  1708 | D:2      | Found a burning altar of Makhleb.
  1708 | D:2      | Found a radiant altar of Vehumet.
  1917 | D:2      | Reached skill level 5 in Staves
  1959 | D:2      | Gained mutation: Your vision is a little blurry. [potion of mutation]
  1959 | D:2      | Gained mutation: Your mind is acute. (Int +2) [potion of mutation]
  1959 | D:2      | Gained mutation: Your flesh is cold resistant. [potion of mutation]
  2013 | D:3      | Found a stormy altar of Qazlal.
  2022 | D:3      | Became a worshipper of Qazlal Stormbringer
  2538 | D:3      | Reached XP level 5. HP: 45/45 MP: 2/2
  2744 | D:3      | Noticed tkappleton's ghost (average FoEn)
  2760 | D:3      | Killed tkappleton's ghost
  2760 | D:3      | Reached skill level 1 in Invocations
  3165 | D:3      | Noticed Jessica
  3169 | D:3      | Killed Jessica
  3221 | D:3      | Reached XP level 6. HP: 12/51 MP: 4/4
  3733 | D:4      | Acquired Qazlal's first power
  3924 | D:4      | Reached XP level 7. HP: 41/59 MP: 5/7
  4434 | D:4      | Reached skill level 6 in Staves
  4671 | D:4      | Found a staircase to the Ecumenical Temple.
  4722 | D:4      | Acquired Qazlal's second power
  5125 | D:5      | Entered Level 5 of the Dungeon
  5180 | D:5      | Reached skill level 5 in Fighting
  5180 | D:5      | Reached skill level 5 in Armour
  5180 | D:5      | Reached XP level 8. HP: 66/68 MP: 9/9
  5892 | D:5      | Noticed Crazy Yiuf
  5899 | D:5      | Killed Crazy Yiuf
  5899 | D:5      | Reached skill level 5 in Invocations
  6420 | D:5      | Noticed Natasha
  6421 | D:5      | Killed Natasha
  6699 | D:6      | Noticed Ijyb
  6707 | D:6      | Killed Ijyb
  6785 | D:6      | Reached skill level 7 in Staves
  6826 | D:6      | Reached skill level 5 in Throwing
  7512 | D:6      | Acquired Qazlal's third power
  7556 | D:6      | Reached XP level 9. HP: 63/75 MP: 14/14
  9172 | D:7      | Reached skill level 8 in Staves
  9235 | D:7      | Noticed Duvessa
  9235 | D:7      | Noticed Dowan
  9247 | D:7      | Killed Dowan
  9248 | D:7      | Acquired Qazlal's fourth power
  9251 | D:7      | Killed Duvessa
  9763 | D:7      | Reached XP level 10. HP: 78/86 MP: 17/17
  9857 | D:7      | Found a burning altar of Makhleb.
 10122 | D:7      | Noticed Sigmund
 10128 | D:7      | Killed Sigmund
 11253 | D:8      | Noticed Psyche
 11259 | D:8      | Killed Psyche
 11311 | D:8      | Acquired Qazlal's fifth power
 11381 | D:8      | Reached skill level 9 in Staves
 11709 | D:8      | Found a basalt altar of Yredelemnul.
 11709 | D:8      | Found a shadowy altar of Dithmenos.
 11712 | D:8      | Found a bloodstained altar of Trog.
 11713 | D:8      | Found an ancient bone altar of Kikubaaqudgha.
 11714 | D:8      | Found a glowing golden altar of the Shining One.
 11715 | D:8      | Found an iron altar of Okawaru.
 12343 | D:8      | Noticed Maurice
 12393 | D:8      | Noticed Blork the orc
 12400 | D:8      | Killed Maurice
 12404 | D:8      | Killed Blork the orc
 12565 | D:8      | Found a glowing silver altar of Zin.
 12566 | D:8      | Found Zin's Purification Station.
 13137 | D:9      | Found a staircase to the Orcish Mines.
 13249 | D:9      | Found a staircase to the Lair.
 13420 | D:9      | Reached XP level 11. HP: 95/95 MP: 20/20
 13793 | D:10     | Entered Level 10 of the Dungeon
 13859 | D:10     | Noticed a hill giant
 13869 | D:10     | Killed a hill giant
 13931 | D:10     | Noticed a hill giant
 14062 | D:10     | HP: 2/95 [hill giant/giant club (23)]
 14160 | D:10     | Slain by a hill giant

Action                   |  1- 3 |  4- 6 |  7- 9 | 10-12 || total
-------------------------+-------+-------+-------+-------++-------
Melee: Quarterstaff      |    61 |   116 |   428 |   335 ||   940
Throw: Stone             |    77 |    98 |   237 |   196 ||   608
Invok: Disaster Area     |       |       |       |     3 ||     3
Evoke: Wand              |       |       |     2 |    16 ||    18
  Use: Potion            |     6 |     4 |     5 |     2 ||    17
       Scroll            |     5 |     4 |     8 |    10 ||    27
 Stab: Invisible         |       |       |       |     2 ||     2
  Eat: Chunk             |     1 |     8 |    17 |    14 ||    40
       Bread ration      |       |       |     1 |       ||     1

Vault maps used:
D:1:      dpeg_arrival_rooms_with_view
D:2:      gammafunk_temple_overflow_pools, st_stairs_1
D:3:      overflow_temple_1_default, serial_undead, serial_undead_f,
          serial_undead_f, serial_undead_c, serial_undead_d,
          kennysheep_cross_bottleneck, uniq_jessica
D:4:      temple_fountains
D:5:      first_bread, kennysheep_generic_room_10, uniq_crazy_yiuf_cottage,
          uniq_natasha
D:6:      uniq_iyjb
D:7:      basic_altar, the_bakery, minmay_strange_pillars, hex_medium,
          uniq_sigmund, uniq_duvessa
D:8:      grunt_temple_overflow_open, zin_purify, uniq_maurice, uniq_psyche,
          uniq_blork_the_orc
D:9:      orc_0_dummy, lair_0_dummy
D:10:     serial_shops, nicolae_shop_behind_doors, minmay_misc_feat_doors,
          item_on_display_a
